 Dungeon Crawl Stone Soup version 0.30-a0-12-gd8047c6341 (webtiles) character file.

Game seed: 2828955189986876838

3 IdlyInterested the Chiller (level 1, -1/13 HPs)
             Began as a Demonspawn Wanderer on Aug 23, 2022.
             Slain by a hobgoblin (2 damage)
             ... on level 1 of the Dungeon.
             The game lasted 00:00:56 (130 turns).

IdlyInterested the Chiller (Demonspawn Wanderer)     Turns: 130, Time: 00:00:57

Health: -1/13      AC:  2    Str: 10    XL:     1   Next: 41%
Magic:  0/3        EV: 10    Int: 17    God:
Gold:   0          SH:  3    Dex: 10    Spells: 3/4 levels left

rFire   . . .      SeeInvis .    a - +0 club
rCold   . . .      Faith    .    d - +0 buckler
rNeg    . . .      Spirit   .    c - +0 robe
rPois   .          Reflect  .    (no helmet)
rElec   .          Harm     .    (no cloak)
rCorr   .          Rampage  .    (no gloves)
Will    .....                    (no boots)
Stlth   +.........               (no amulet)
HPRegen 0.04/turn                (no ring)
MPRegen 0.08/turn                (no ring)

@: no status effects
A: no striking features
a: no special abilities


You were on level 1 of the Dungeon.
You visited 1 branch of the dungeon, and saw 1 of its levels.

Inventory:

Hand Weapons
 a - a +0 club (weapon)
Armour
 c - a +0 robe (worn)
 d - a +0 buckler (worn)
Potions
 b - a potion of curing


   Skills:
 + Level 0.3 Fighting
 - Level 1.0 Stealth
 - Level 1.7 Shields
 - Level 2.0 Spellcasting
 - Level 2.1 Necromancy
 * Level 2.8 Ice Magic


You had 3 spell levels left.
You knew the following spells:

 Your Spells              Type           Power      Damage    Failure   Level
a - Freeze                Ice            44%        1d6       8%          1

Your spell library contained the following spells:

 Spells                   Type           Power      Damage    Failure   Level
 Necrotise                Necr           36%        1d5       11%         1
 Ensorcelled Hibernation  Hex/Ice        12%        N/A       22%         2
 Vampiric Draining        Necr           9%         2d6       30%         3
 Hailstorm                Conj/Ice       6%         3d4       80%         4


Dungeon Overview and Level Annotations

Branches:
Dungeon (1/15)

Altars:


Message History

You start resting.
HP restored.
An endoplasm comes into view.
Found 4 stones.
A hobgoblin comes into view.
The hobgoblin shouts!
The endoplasm quivers.
You hit the endoplasm but do no damage. The endoplasm hits you.
You hit the endoplasm but do no damage. The endoplasm hits you.
You hit the endoplasm.
The endoplasm is heavily wounded.
The endoplasm freezes you.
You are frozen.
The endoplasm hits you.
* * * LOW HITPOINT WARNING * * *
Aiming: Freeze (safe; 9% risk of failure)
Press: ? - help, Q - select action Shift-Dir - straight line, f - endoplasm
Aim: an endoplasm (heavily wounded)
You freeze the endoplasm.
You kill the endoplasm!
Unknown command.
Aiming: Freeze (safe; 8% risk of failure)
Press: ? - help, Q - select action Shift-Dir - straight line, f - hobgoblin
Aim: a hobgoblin You freeze the hobgoblin.
The hobgoblin is lightly wounded.
The hobgoblin closely misses you.
Aiming: Freeze (safe; 8% risk of failure)
Press: ? - help, Q - select action Shift-Dir - straight line, f/p - hobgoblin
Aim: a hobgoblin (lightly wounded)
You freeze the hobgoblin.
The hobgoblin is moderately wounded.
You block the hobgoblin's attack.
You hit the hobgoblin but do no damage.
The hobgoblin is moderately wounded.
The hobgoblin hits you.
* * * LOW HITPOINT WARNING * * *
You hit the hobgoblin.
The hobgoblin is almost dead.
The hobgoblin hits you.
You die...

#..#####..## #(..#
...........######...####
...........#.... ......
.⌠...<...⌠.##..# #...#
...........##..###...####
...........#............#..
###..#..#####..####........
##...##...#..####........
#.....#.......@g.........
###.#.##..########.##.#..
#...#...# .# .# . ###.#.#.#
.. # #.#.#.# .## #.....# ..
###.### .# ...# #..#


You could see a hobgoblin.

Vanquished Creatures
  An endoplasm (D:1)
  A hobgoblin (D:1)
  A bat (D:1)
3 creatures vanquished.

Notes
Turn   | Place    | Note
-------+----------+-------------------------------------------
     0 | D:1      | IdlyInterested the Demonspawn Wanderer began the quest for
                  | the Orb.
     0 | D:1      | IdlyInterested set off with the following items: a +0 club,
                  | a potion of curing, a +0 robe, a +0 buckler; and the
                  | following spells available to memorise: Freeze, Necrotise,
                  | Ensorcelled Hibernation, Vampiric Draining, Hailstorm.
     0 | D:1      | Reached XP level 1. HP: 13/13 MP: 3/3
     2 | D:1      | Learned a level 1 spell: Freeze
   130 | D:1      | Slain by a hobgoblin

Illustrated notes

Levels and vault maps discovered:
D:1:      dpeg_arrival_arbitrary_c, layout_loops_cross, minmay_3d_cube

Action                   || total
-------------------------++-------
Melee: Club              ||     5
 Cast: Freeze            ||     8
Armor: Robe              ||     5
Dodge: Dodged            ||     4
Block: Buckler           ||     1

Table legend: (Time is in decaauts)
 A = Elapsed time spent in this place.
 B = Non-inter-level travel time spent in this place.
 C = Inter-level travel time spent in this place.
 D = Time resting spent in this place.
 E = Time spent auto-exploring this place.
 F = Levels seen in this place.
 G = Mean time per level.
                   A        B        C        D        E       F      G
               +--------+--------+--------+--------+--------+-----+--------+
         Total |    131 |    131 |      0 |     77 |     21 |   1 |  131.0 |
       Dungeon |    131 |    131 |      0 |     77 |     21 |   1 |  131.0 |
               +--------+--------+--------+--------+--------+-----+--------+

Top non-repeatable levels by time:
     D:1: 131 daAuts
